 Dungeon Crawl Stone Soup version 0.30.1 (webtiles) character file.

Game seed: 2187603520407140869

34 Graphine the Ducker (level 3, 0/28 HPs)
             Began as a Merfolk Gladiator on July 2, 2023.
             Slain by Sigmund
             ... wielding a +2 scythe of venom
              (11 damage)
             ... on level 2 of the Dungeon.
             The game lasted 00:01:52 (619 turns).

Graphine the Ducker (Merfolk Gladiator)              Turns: 619, Time: 00:01:53

Health: 0/28       AC:  5    Str: 14    XL:     3   Next: 31%
Magic:  3/3        EV: 14    Int:  7    God:
Gold:   60         SH:  0    Dex: 17    Spells: 2/2 levels left

rFire   . . .        a - +0 long sword
rCold   . . .        (no shield)
rNeg    . . .        b - +0 leather armour
rPois   .            c - +0 helmet
rElec   .            k - +0 cloak
rCorr   .            (no gloves)
SInv    .            (no boots)
Will    .....        (no amulet)
Stlth   +            (no ring)
HPRegen 0.24/turn    (no ring)
MPRegen 0.08/turn

%: no passive effects
@: no status effects
A: (nimble swimmer 2), mertail
a: no special abilities


You were on level 2 of the Dungeon.
You visited 1 branch of the dungeon, and saw 2 of its levels.

You collected 60 gold pieces.

Inventory:

Hand Weapons
 a - a +0 long sword (weapon)
Missiles
 d - 2 throwing nets (quivered)
 e - a javelin
 j - 2 atropa-tipped darts
Armour
 b - a +0 leather armour (worn)
 c - a +0 helmet (worn)
 k - a +0 cloak (worn)
Scrolls
 f - a scroll of blinking {unknown}
 g - 6 scrolls of identify {unknown}
 h - a scroll of enchant weapon {unknown}
 l - 2 scrolls of teleportation {unknown}
Potions
 i - a potion of cancellation {unknown}
 m - a potion of haste {unknown}


   Skills:
 + Level 2.6 Fighting
 * Level 4.2 Long Blades
 - Level 2.1 Throwing
 * Level 4.7 Dodging


You had 2 spell levels left.
You didn't know any spells.
Your spell library contained the following spells:

 Spells                   Type           Power      Damage    Failure   Level
 Ensorcelled Hibernation  Hex/Ice        0%         N/A       65%         2
 Passwall                 Tmut/Erth      0%         N/A       65%         2
 Hailstorm                Conj/Ice       0%         3d3       87%         3
 Swiftness                Air            0%         N/A       87%         3
 Ice Form                 Ice/Tmut       0%         N/A       99%         4
 Simulacrum               Ice/Necr       0%         N/A       100%        6


Dungeon Overview and Level Annotations

Branches:
Dungeon (2/15)

Altars:

Annotations:
D:2 Sigmund


Innate Abilities, Weirdness & Mutations

((You are very nimble when in or above water. (Stealth+, EV+, Speed+++)))
Your lower body shifts to a powerful aquatic tail in water.


Message History

Sigmund is nearby!
Sigmund shouts!
Sigmund zaps a wand.
The puff of flame hits you!
Throw: 3 throwing nets
Press: ? - help, Shift-Dir - straight line, f - Sigmund
Aim: Sigmund, wielding a +2 scythe of venom, wearing a +2 robe of cold resistance and carrying a wand of flame (15) (58% to hit)
You throw a throwing net. The throwing net hits Sigmund.
Sigmund is caught in the net!
Sigmund drinks a potion.
Sigmund suddenly seems more resistant.
Sigmund struggles against the net.
Sigmund struggles against the net.
Sigmund struggles against the net.
You hit Sigmund but do no damage.
Sigmund points at you and mumbles some strange words.
You are confused.
Sigmund struggles against the net.
A rat comes into view.
You are too confused!
You are too confused!
You hit Sigmund.
Sigmund is lightly wounded.
Sigmund struggles against the net.
Sigmund struggles against the net.
The net rips apart, and Sigmund comes free!
Sigmund zaps a wand.
The puff of flame misses you. Sigmund barely misses you.
You feel less confused.
Sigmund zaps a wand.
The puff of flame hits you!
You see here a giant cockroach corpse.
Okay, then.
Hit: a) +0 long sword
Press: ? - help, Dir - move target, f - rat
Aim: a rat (about 38% to evade your +0 long sword)
You completely miss the rat. The rat closely misses you.
Hit: a) +0 long sword
Press: ? - help, Dir - move target, f/p - rat
Aim: a rat (about 38% to evade your +0 long sword)
You completely miss the rat.
Sigmund hits you from afar with a +2 scythe of venom!
You die...

#.~~~≈.~~~~≈......#..#
#.....^......####.<.##
####..##.##.##
######..# ##....##.#
####...[...#
###.##.###...........
#.#........."....
..###.............
..># ##............
...#. ##)@..#.......#
## . #.r#.........<#
......#@####.....#.
......##.......####
..... #...r@.$# ....
#####...# .. #...# .
#...# #...#


You could see Sigmund (resistant) and a rat.

Vanquished Creatures
  An adder (D:2)
  A dart slug (D:1)
  4 ball pythons (D:1)
  3 endoplasms
  3 giant cockroaches
  A quokka (D:1)
  2 frilled lizards
  2 goblins
  2 kobolds (D:1)
  3 rats
22 creatures vanquished.

Notes
Turn   | Place    | Note
-------+----------+-------------------------------------------
     0 | D:1      | Graphine the Merfolk Gladiator began the quest for the Orb.
     0 | D:1      | Reached XP level 1. HP: 16/16 MP: 1/1
   173 | D:1      | Reached XP level 2. HP: 18/23 MP: 2/2
   460 | D:1      | You fall into a shaft and drop 1 floor!
   472 | D:2      | Reached XP level 3. HP: 17/28 MP: 3/3
   599 | D:2      | Noticed Sigmund
   619 | D:2      | Slain by Sigmund

Illustrated notes

Levels and vault maps discovered:
D:1:      lightli_arrival_statuegarden, layout_loops_ring
D:2:      layout_loops_cross, serial_shops, nicolae_shop_rolled_up,
          minivault_14, uniq_sigmund

Skill      XL: |  1  2 |
---------------+-------+-----
Long Blades    | 4 |  4.2
Fighting       | |  2.6
Throwing       | |  2.1
Dodging        | |  4.7

Action                     || total
---------------------------++-------
  Melee: Long sword        ||    54
  Throw: Throwing net      ||     1
 Armour: Leather armour    ||     9
  Dodge: Dodged            ||    36
